 Dungeon Crawl Stone Soup version 0.27.0-1-g7a089689b8 (webtiles) character file.

Game seed: 10800193327931897447

5 ZombieSheep the Sneak (level 1, -1/11 HPs)
             Began as an Octopode Enchanter on Aug 3, 2021.
             Slain by a quokka (3 damage)
             ... on level 1 of the Dungeon.
             The game lasted 00:00:35 (431 turns).

ZombieSheep the Sneak (Octopode Enchanter)           Turns: 431, Time: 00:00:35

Health: -1/11      AC:  1    Str:  7    XL:     1   Next: 80%
Magic:  3/3        EV: 13    Int: 17    God:
Gold:   27         SH:  0    Dex: 12    Spells: 3/4 levels left

rFire    . . .     SeeInvis .   a - +1 dagger
rCold    . . .     Faith    .   (no shield)
rNeg     . . .     Spirit   .   (helmet restricted)
rPois    .         Reflect  .   (no amulet)
rElec    .         Harm     .   (no ring)
rCorr    .         Rampage  .   (no ring)
Will     .....                  (no ring)
Stlth    +++.......             (no ring)
HPRegen  0.03/turn              (no ring)
MPRegen  0.08/turn              (no ring)
                                (no ring)
                                (no ring)

@: no status effects
A: almost no armour, amphibious, 8 rings, camouflage 1, gelatinous body 1,
(nimble swimmer 1), tentacles
a: no special abilities


You were on level 1 of the Dungeon.
You visited 1 branch of the dungeon, and saw 1 of its levels.

You collected 27 gold pieces.

Inventory:

Hand Weapons
 a - a +1 dagger (weapon)
Jewellery
 d - a +4 ring of evasion
Scrolls
 b - a scroll of identify {unknown}
 c - a scroll of holy word {unknown}
Potions
 e - a potion of flight {unknown}


   Skills:
 + Level 0.3 Fighting
 + Level 1.1 Short Blades
 + Level 2.1 Dodging
 + Level 4.1 Stealth
 + Level 2.0 Spellcasting
 - Level 3.0 Hexes


You had 3 spell levels left.
You knew the following spells:

 Your Spells              Type           Power      Damage    Failure   Level
a - Corona                Hex            12%        N/A       5%          1

Your spell library contained the following spells:

 Spells                   Type           Power      Damage    Failure   Level
 Ensorcelled Hibernation  Hex/Ice        12%        N/A       16%         2
 Confusing Touch          Hex            11%        N/A       17%         3
 Tukima's Dance           Hex            11%        N/A       17%         3
 Dazzling Flash           Conj/Hex       12%        N/A       30%         3


Dungeon Overview and Level Annotations

Branches:
Dungeon (1/15)

Altars:


Innate Abilities, Weirdness & Mutations

You cannot wear most types of armour.
You are amphibious.
You can wear up to eight rings at the same time.
Your skin changes colour to match your surroundings (Stealth+).
Your rubbery body absorbs attacks. (AC +1, EV +1)
((You are camouflaged near water. (Stealth+)))
You have tentacles for arms and can constrict up to eight enemies at once.


Message History

No target in view!
Things that are here:
a +0 dagger; 5 stones; a kobold corpse As you open the door, it creaks loudly!
There is an open door here.
A ball python comes into view.
Found a bubbling inky potion.
The helpless ball python fails to defend itself.
You impale the ball python!!
You kill the ball python!
No target in view!
e - a bubbling inky potion You see here a ball python corpse.
You now have 27 gold pieces (gained 10).
Found a faded altar of an unknown god.
A rat comes into view.
A rat is nearby!
The helpless rat fails to defend itself.
You impale the rat!!
You kill the rat!
No target in view!
Found a stone staircase leading down.
There is a stone staircase leading down here.
A quokka comes into view.
A kobold comes into view. It is wielding a +0 short sword.
Found 8 gold pieces.
The kobold shouts!
You hit the quokka. Your grab misses the quokka.
The quokka is severely wounded.
The kobold closely misses you. The quokka bites you.
You hit the quokka but do no damage. Your grab misses the quokka.
The quokka is severely wounded.
The kobold hits you with a +0 short sword.
The quokka bites you.
* * * LOW HITPOINT WARNING * * *
You are too injured to fight recklessly!
You hit the quokka but do no damage. Your grab misses the quokka.
The quokka is severely wounded.
The quokka bites you.
You die...

...................#..^....#...#.
....##############....##.....#.#.
....# ####.####.#.#.#. ....#
######### #........#.#. ....#
...$....#####...รท####... #####
........##.......# ###.
........##.......######.
......rK##......###.....
.......@##......###.####
........##.......##.# #
...............#.##.# #
.#####.........#.##.# #
#.........#..#.####
#.........##.#....#
#######.......###.# #.....#.###.#
#.....#.#...#


You could see a quokka and a kobold.

Vanquished Creatures
  A hobgoblin (D:1)
  2 ball pythons (D:1)
  A bat (D:1)
  A kobold (D:1)
  2 rats (D:1)
7 creatures vanquished.

Notes
Turn   | Place    | Note
-------+----------+-------------------------------------------
     0 | D:1      | ZombieSheep the Octopode Enchanter began the quest for the
                  | Orb.
     0 | D:1      | Reached XP level 1. HP: 11/11 MP: 3/3
   320 | D:1      | Found a faded altar of an unknown god.
   431 | D:1      | Slain by a quokka

Illustrated notes

Levels and vault maps discovered:
D:1:      scummos_arrival_forest, layout_basic,
          shapermc_ecumenical_altar_mp_urbaneastern

Action                   || total
-------------------------++-------
Melee: Dagger            ||    16
       Constrict         ||     3
       Tentacles         ||     1
 Stab: Sleeping          ||     5
Armor: Skin              ||     1
Dodge: Dodged            ||    10
